 Dungeon Crawl Stone Soup version 0.24.0-2-g5b39cebb1c (webtiles) character file.

Game seed: 7292007172491993161, levelgen mode: deterministic

32 mortelune the Changer (level 3, -3/31 HPs)
             Began as a Naga Transmuter on Oct 29, 2019.
             Slain by a worm (10 damage)
             ... on level 2 of the Dungeon.
             The game lasted 00:03:38 (1560 turns).

mortelune the Changer (Naga Transmuter)             Turns: 1560, Time: 00:03:38

Health: -3/31      AC:  2    Str: 12    XL:     3   Next: 25%
Magic:  0/6        EV: 10    Int: 14    God:
Gold:   92         SH:  0    Dex: 11    Spells: 3/6 levels left

rFire    . . .     SeeInvis +   f - +0 mace
rCold    . . .     Gourm    .   (no shield)
rNeg     . . .     Faith    .   b - +0 robe
rPois    +         Spirit   .   (no helmet)
rElec    .         Reflect  .   (no cloak)
rCorr    .         Harm     .   (no gloves)
MR       .....                  (no barding)
Stlth    +.........             (no amulet)
HPRegen  0.10/turn              k - ring of poison resistance
MPRegen  0.10/turn              (no ring)

@: very slow
A: large, see invisible, deformed body, poison resistance, slowness 2, slow
metabolism 1, spit poison 1, AC +1
a: Spit Poison


You were on level 2 of the Dungeon.
You were not hungry.

You visited 1 branch of the dungeon, and saw 2 of its levels.

You collected 92 gold pieces.

Inventory:

Hand Weapons
 e - a +0 club
 f - a +0 mace (weapon)
 j - a +0 hunting sling of velocity
Missiles
 a - 9 arrows
 g - 39 stones (quivered)
 h - a throwing net
Armour
 b - a +0 robe (worn)
Jewellery
 k - a ring of poison resistance (left hand)
Scrolls
 c - 2 scrolls of identify {unknown}
 l - a scroll of enchant weapon {unknown}
 m - 2 scrolls of teleportation {unknown}
 n - a scroll of remove curse {unknown}
Potions
 i - 2 potions of heal wounds {unknown}
 o - a potion of curing {unknown}
 q - a potion of agility {unknown}
 r - a potion of degeneration {unknown}
Comestibles
 d - a ration
 p - a chunk of flesh


   Skills:
 - Level 1.0 Fighting
 - Level 1.5 Dodging
 - Level 3.0 Unarmed Combat
 - Level 2.0 Spellcasting
 + Level 3.6 Transmutations


You had 3 spell levels left.
You knew the following spells:

 Your Spells              Type           Power        Failure   Level  Hunger
a - Beastly Appendage     Tmut           ##....       5%          1    ##.....
b - Sticks to Snakes      Tmut           ##......     9%          2    ###....

Your spell library contained the following spells:

 Spells                   Type           Power        Failure   Level  Hunger
 Spider Form              Tmut/Pois      #.........   34%         3    ####...
 Ice Form                 Ice/Tmut       #.......     75%         4    #####..
 Blade Hands              Tmut           ##........   83%         5    ######.


Dungeon Overview and Level Annotations

Branches:
Dungeon (2/15)

Altars:


Innate Abilities, Weirdness & Mutations

You cannot wear boots.
Your serpentine skin is tough. (AC +1)
You have supernaturally acute eyesight. (SInv)
Armour fits poorly on your strangely shaped body.
Your system is resistant to poisons. (rPois)
You cover ground very slowly.
You have a slow metabolism.
You can spit poison.


Message History

You closely miss the adder. The adder bites you.
Your adder misses the adder. The adder closely misses you.
Your adder bites the adder.
You hit the adder.
The adder is moderately wounded.
You have got your breath back.
The adder closely misses you.
Your adder bites the adder.
The worm barely misses you. The adder barely misses you.
You barely miss the adder.
The adder is moderately wounded.
Your adder barely misses the adder.
The adder bites you.
Your adder bites the adder.
The adder is poisoned.
Your adder poisons the adder!
The worm bites you.
* * * LOW HITPOINT WARNING * * *
You hit the adder.
The adder is almost dead.
The adder dies!
Your adder bites the worm.
The worm is poisoned.
Your adder poisons the worm!
Your adder barely misses the worm.
Your adder bites the worm. x2
The worm bites you!
You die...

#######
#.....#############
#..................
#......#......#####
...#.....#......# #.
#.....#......# #.
#@S...######## #.
#Sw.....# #.
#.).....# ######.
####....####......
#.......)......
#......)........#####
...............
.......>.......
..S...........#


You could see a worm and 2 friendly adders.

Vanquished Creatures
  A bat (D:1)
  2 giant cockroaches
  8 goblins
  2 hobgoblins
  A frilled lizard (D:1)
  4 kobolds (D:1)
  4 rats (D:1)
22 creatures vanquished.

Vanquished Creatures (collateral kills)
  An adder (D:2)
  A hobgoblin (D:2)
2 creatures vanquished.

Grand Total: 24 creatures vanquished

Notes
Turn   | Place    | Note
-------+----------+-------------------------------------------
     0 | D:1      | mortelune the Naga Transmuter began the quest for the Orb.
     0 | D:1      | Reached XP level 1. HP: 18/18 MP: 3/3
   353 | D:1      | Reached XP level 2. HP: 25/25 MP: 5/5
   357 | D:1      | Learned a level 2 spell: Sticks to Snakes
  1524 | D:2      | Reached XP level 3. HP: 31/31 MP: 6/6
  1560 | D:2      | Slain by a worm

Levels and vault maps discovered:
D:1:      saegor_arrival_simple_e, layout_basic, minivault_11, dk_noncrumbling_4
D:2:      layout_basic, minmay_nonomino_d4

Skill      XL: |  1  2 |
---------------+-------+-----
Transmutations | 3 |  3.6
Fighting       | |  1.0
Dodging        | |  1.5
Unarmed Combat | |  3.0
Spellcasting   | |  2.0

Action                   || total
-------------------------++-------
Melee: Club              ||    34
       Headbutt          ||     3
       Unarmed           ||     2
       Mace              ||    18
       Punch             ||     1
Throw: Stone             ||    13
 Cast: Beastly Appendage ||    12
       Sticks to Snakes  ||     3
 Abil: Spit Poison       ||     9
  Eat: Chunk             ||     2
Armor: Robe              ||    13
Dodge: Dodged            ||    54
